 Dungeon Crawl Stone Soup version 0.28-a0-863-g8cecda6153 (webtiles) character file.

Game seed: 1207803162759053199

8 vineage the Skirmisher (level 2, 17/22 (23) HPs)
             Began as a Demonspawn Gladiator on Nov 18, 2021.
             Quit the game on level 1 of the Dungeon.
             The game lasted 00:00:50 (271 turns).

vineage the Skirmisher (Demonspawn Gladiator)        Turns: 271, Time: 00:00:51

HP:   17/22 (23)    AC:  6    Str: 14    XL:     2   Next: 0%
MP:   2/2           EV: 12    Int:  9    God:
Gold: 0             SH:  0    Dex: 14    Spells: 1/1 levels left

rFire   . . .      SeeInvis .   a - +0 war axe
rCold   . . .      Faith    .   (no shield)
rNeg    . . .      Spirit   .   b - +0 leather armour
rPois   .          Reflect  .   c - +0 helmet
rElec   .          Harm     .   (no cloak)
rCorr   .          Rampage  .   (no gloves)
Will    .....                   (no boots)
Stlth   +.........              (no amulet)
HPRegen 0.07/turn               (no ring)
MPRegen 0.08/turn               (no ring)

@: lightly drained
A: thin metallic scales 1
a: no special abilities


You were on level 1 of the Dungeon.
You visited 1 branch of the dungeon, and saw 1 of its levels.

Inventory:

Hand Weapons
 a - a +0 war axe (weapon)
Missiles
 d - 3 throwing nets (quivered)
Armour
 b - a +0 leather armour (worn)
 c - a +0 helmet (worn)
Potions
 e - a potion of might {unknown}


   Skills:
 + Level 2.7 Fighting
 - Level 2.6 Axes
 - Level 1.7 Throwing
 - Level 2.6 Dodging


You had one spell level left.
You didn't know any spells.
Your spell library was empty.

Dungeon Overview and Level Annotations

Branches:
Dungeon (1/15)

Altars:


Innate Abilities, Weirdness & Mutations

You are partially covered in thin metallic scales. (AC +2)


Message History

You see here a giant cockroach corpse.
Found a stone staircase leading down.
A kobold comes into view.
It is wielding a +0 short sword of draining.
The kobold shouts!
There is a stone staircase leading down here.
The kobold hits you with a +0 short sword of draining.
You feel drained.
You hit the kobold but do no damage. The kobold closely misses you.
The kobold hits you with a +0 short sword of draining.
You feel drained.
You barely miss the kobold.
The kobold hits you with a +0 short sword of draining.
You feel drained.
You slash the kobold!
You kill the kobold!
No target in view!
No target in view!
No target in view!
No target in view!
No target in view!
Things that are here:
a +0 short sword of draining; a kobold corpse
Found 9 javelins and 24 stones.
No target in view!
A kobold comes into view. It is wielding a +0 whip.
The kobold shouts!
A hobgoblin comes into view.
The hobgoblin shouts!
You hit the kobold.
You kill the kobold!
The hobgoblin closely misses you.
You hit the hobgoblin but do no damage. The hobgoblin hits you.
You slash the hobgoblin!
You kill the hobgoblin!
You have reached level 2!
Your demonic ancestry asserts itself...
Thin metallic scales grow over part of your body.
Okay, then.
You aren't wearing any rings or amulets.
Are you sure you want to abandon this character and quit the game? (Confirm with "yes".)

).......# #. # .#...#..#
.#.# #.# .#...#..#....# #.#
.##.##..#....# #.#
..#.#....#.#.# #.#
...#.........###.##
#............. ...
#.....)####### #)# #......#
#@#### ....††### #....#
..###...# ####.# ......#.#
########.### #.....#.#
#..........#
#.....#.####..........###.#
......#........#####......#
..#.#..>.##.#..#:$!#..#####
..#.#.......#..#(=(#..#


There were no monsters in sight!

Vanquished Creatures
  A giant cockroach (D:1)
  A goblin (D:1)
  A hobgoblin (D:1)
  2 kobolds (D:1)
  A quokka (D:1)
6 creatures vanquished.

Notes
Turn   | Place    | Note
-------+----------+-------------------------------------------
     0 | D:1      | vineage the Demonspawn Gladiator began the quest for the
                  | Orb.
     0 | D:1      | Reached XP level 1. HP: 16/16 MP: 1/1
   271 | D:1      | Gained mutation: You are partially covered in thin metallic
                  | scales. (AC +2) [demonic ancestry]
   271 | D:1      | Reached XP level 2. HP: 17/22 MP: 2/2
   271 | D:1      | Quit the game

Illustrated notes

Levels and vault maps discovered:
D:1:      erik_arrival_blinker_ship, layout_loops_ring, due_unseen_surprise

Action                   || total
-------------------------++-------
Melee: War axe           ||    16
Armor: Leather armour    ||     7
Dodge: Dodged            ||     8

Table legend: (Time is in decaauts)
 A = Elapsed time spent in this place.
 B = Non-inter-level travel time spent in this place.
 C = Inter-level travel time spent in this place.
 D = Time resting spent in this place.
 E = Time spent auto-exploring this place.
 F = Levels seen in this place.
 G = Mean time per level.
                   A        B        C        D        E       F      G
               +--------+--------+--------+--------+--------+-----+--------+
         Total |    277 |    277 |      0 |      0 |    238 |   1 |  277.0 |
       Dungeon |    277 |    277 |      0 |      0 |    238 |   1 |  277.0 |
               +--------+--------+--------+--------+--------+-----+--------+

Top non-repeatable levels by time:
     D:1: 277 daAuts
